 Dungeon Crawl Stone Soup version 0.23.2-1-ga50397a6bc (webtiles) character file.

Game seed: 10890787918649192698

2667 DildoBatman the Tainter (level 9, -9/68 HPs)
             Began as a Formicid Wizard on Apr 29, 2019.
             Was a Believer of Kikubaaqudgha.
             Mangled by an orc warlord
             ... wielding a +0 battleaxe
              (20 damage)
             ... in a bailey.
             The game lasted 00:46:49 (9081 turns).

DildoBatman the Tainter (Formicid Wizard)           Turns: 9081, Time: 00:46:49

Health: -9/68      AC:  3    Str: 17    XL:     9   Next: 94%
Magic:  3/15       EV: 18    Int: 21    God:    Kikubaaqudgha [**....]
Gold:   345        SH:  0    Dex: 18    Spells: 6/16 levels left

rFire    . . .     SeeInvis +   a - +5 mace of Karma {vamp, -Tele rElec Dex+4}
rCold    . . .     Gourm    .   (no shield)
rNeg     . . .     Faith    .   m - +0 robe
rPois    +         Spirit   .   (helmet unavailable)
rElec    +         Reflect  .   (no cloak)
rCorr    .         Harm     .   G - +0 pair of gloves
MR       .....                  (no boots)
Stlth    +++.......             (no amulet)
HPRegen  0.21/turn              n - ring of poison resistance
MPRegen  0.14/turn              (no ring)

@: mighty, agile, very slightly contaminated
A: permanent stasis, dig shafts and tunnels, four strong arms, antennae 3,
robust 1, electricity resistance
a: Dig, Shaft Self, Receive Corpses, Renounce Religion


You were in a bailey.
You worshipped Kikubaaqudgha.
Kikubaaqudgha was pleased with you.
You were very hungry.

You visited 2 branches of the dungeon, and saw 8 of its levels.
You also visited: Ossuary and Bailey.

You collected 345 gold pieces.

Inventory:

Hand Weapons
 a - the +5 mace of Karma (weapon) {vamp, -Tele rElec Dex+4}
   (You found it on level 5 of the Dungeon)

   It inflicts no extra harm, but heals its wielder when it wounds a living foe.
   It affects your dexterity (+4).
   It insulates you from electricity.
   It prevents most forms of teleportation.
 b - a +0 hunting sling
 e - a +1 spear of piercing
Missiles
 g - 186 stones
 i - 24 poisoned needles
 k - 17 bolts
 q - 3 throwing nets (quivered)
 r - 49 arrows
 t - 16 tomahawks
 y - 51 sling bullets
Armour
 m - a +0 robe (worn)
 u - a +0 shield
 G - a +0 pair of gloves (worn)
Jewellery
 n - a ring of poison resistance (left hand)
Scrolls
 c - a scroll of enchant weapon {unknown}
 f - 2 scrolls of acquirement
 z - a scroll of identify
 F - 2 scrolls of silence
 I - a scroll of enchant armour {unknown}
 K - a scroll of remove curse
Potions
 d - 2 potions of might
 h - a potion of agility
 j - 2 potions of experience {unknown}
 l - 2 potions of cancellation
 o - a potion of lignification
 s - a potion of brilliance {unknown}
 w - a potion of degeneration {unknown}
 x - 2 potions of haste
 A - a potion of flight {unknown}
 C - a potion of resistance {unknown}
 J - a potion of magic {unknown}
Comestibles
 v - 7 rations
 D - a chunk of flesh


   Skills:
 * Level 2.7 Fighting
 - Level 4.0 Maces & Flails
 * Level 1.7 Armour
 - Level 2.0 Dodging
 - Level 2.4 Stealth
 - Level 4.0 Spellcasting
 - Level 6.0 Conjurations
   Level 1.0 Summonings
   Level 0.8 Translocations
 - Level 4.0 Fire Magic
 - Level 4.1 Air Magic
 - Level 8.0 Poison Magic


You had 6 spell levels left.
You knew the following spells:

 Your Spells              Type           Power        Failure   Level  Hunger
a - Conjure Flame         Conj/Fire      ####....     4%          3    ###....
b - Regeneration          Chrm/Necr      #.........   34%         3    ###....
c - Magic Dart            Conj           ####         1%          1    None
e - Mephitic Cloud        Conj/Pois/Air  ####....     3%          3    ###....

Your spell library contained the following spells:

 Spells                   Type           Power        Failure   Level  Hunger
 Pain                     Necr           #...         12%         1    None
 Call Imp                 Summ           #.......     12%         2    #......
 Corpse Rot               Necr           N/A          19%         2    #......
 Slow                     Hex            #.......     19%         2    #......
 Sublimation of Blood     Necr           #.........   19%         2    #......
 Blink                    Tloc           Unusable     N/A         2    N/A

Dungeon Overview and Level Annotations

Branches:
Dungeon (7/15)             Temple (1/1) D:7

Altars:
Hepliaklqana
Kikubaaqudgha
Nemelex Xobeh
Okawaru
Ru

Annotations:
D:1 Natasha, Robin
D:2 Sigmund
D:4 Dowan, Duvessa
D:5 Crazy Yiuf


Innate Abilities, Weirdness & Mutations

You cannot be hasted, slowed, berserked, paralysed or teleported.
You can dig through walls and to a lower floor.
Your four strong arms can wield two-handed weapons with a shield.
You have a pair of large antennae on your head. (SInv)
You are robust. (+10% HP)
You are resistant to electric shocks. (rElec)


Message History

You feel very mighty all of a sudden.
The orc warlord is engulfed in blazing flames.
The orc warlord hits you but does no damage.
You barely miss the orc warlord.
The orc warlord is severely wounded.
The orc warlord is engulfed in blazing flames.
The orc warlord hits you with a +0 battleaxe!
As you read the scroll of fear, it crumbles to dust.
You assume a fearsome visage.
The orc warlord resists with some effort.
You hit the orc warlord.
You feel better.
The orc warlord is severely wounded.
You feel less wooden.
Your +0 pair of gloves unmelds from your body.
Your +0 robe unmelds from your body.
You are feeling very hungry.
The orc warlord hits you with a +0 battleaxe!!
You die...
Kikubaaqudgha rasps: "You have failed me!
Welcome... death!"

...)....### ..###.........#
#.....###.###{
###.###.....###
###.#'#.....###
###.....#'#.###
###.).......###.........###
#...........#...........#
#...........#...........#
#.....⌠.....#.....⌠.....#
#........)))o...........#
#...........#@..........#
##.........###.........##
###.....### ###.....###
###.### ###.### ### ###


You could see an orc warlord.

Vanquished Creatures
  12 orc warriors
  A sky beast (D:5)
  A bullfrog (D:6)
  2 scorpions (D:4)
  A killer bee (D:7)
  3 howler monkeys
  3 crimson imps
  A centaur zombie (Ossuary)
  2 hounds (D:5)
  2 orc priests
  2 bullfrog skeletons
  6 orc wizards
  A human zombie (Ossuary)
  2 iguanas
  4 worker ants
  2 big kobold zombies (Ossuary)
  2 mummies (Ossuary)
  A worker ant zombie (D:5)
  5 adders
  20 gnolls
  A howler monkey skeleton (D:5)
  2 shadow imps
  2 oozes
  An adder zombie (D:6)
  A dart slug (D:3)
  6 leopard geckos
  26 orcs
  12 bats
  8 giant cockroaches
  46 goblins
  19 hobgoblins
  14 jackals
  11 kobolds
  5 quokkas
  3 frilled lizards
  10 hobgoblin zombies (Ossuary)
  2 jackal zombies
  9 kobold zombies (Ossuary)
  9 orc zombies (Ossuary)
  A quokka zombie (D:5)
  9 rats
  4 rat zombies (Ossuary)
274 creatures vanquished.

Vanquished Creatures (collateral kills)
  An adder (D:4)
1 creature vanquished.

Vanquished Creatures (others)
  A killer bee (D:7)
1 creature vanquished.

Grand Total: 276 creatures vanquished

Notes
Turn   | Place    | Note
-------+----------+-------------------------------------------
     0 | D:1      | DildoBatman the Formicid Wizard began the quest for the
                  | Orb.
     0 | D:1      | Reached XP level 1. HP: 13/13 MP: 4/4
    30 | D:1      | Reached skill level 1 in Conjurations
   139 | D:1      | Reached XP level 2. HP: 19/19 MP: 0/6
   585 | D:1      | Reached XP level 3. HP: 24/24 MP: 5/7
   590 | D:1      | Learned a level 3 spell: Conjure Flame
   594 | D:1      | Learned a level 3 spell: Mephitic Cloud
  1296 | D:2      | Noticed Natasha
  1407 | D:2      | Noticed Robin
  1753 | D:2      | Reached XP level 4. HP: 13/30 MP: 6/8
  2203 | D:2      | Reached XP level 5. HP: 19/35 MP: 0/9
  3204 | D:2      | Noticed Sigmund
  3825 | D:3      | Reached skill level 5 in Conjurations
  3825 | D:3      | Reached XP level 6. HP: 39/41 MP: 1/10
  4448 | D:4      | Found a hazy altar of Hepliaklqana.
  4496 | D:4      | Reached XP level 7. HP: 31/46 MP: 0/11
  4597 | D:4      | Found a sparkling altar of Nemelex Xobeh.
  4597 | D:4      | Noticed Dowan
  4599 | D:4      | Noticed Duvessa
  4627 | D:4      | Reached skill level 1 in Poison Magic
  4780 | D:4      | Noticed a two-headed ogre
  4910 | D:4      | Reached skill level 1 in Fire Magic
  4910 | D:4      | Reached skill level 1 in Air Magic
  5165 | D:4      | Reached skill level 2 in Poison Magic
  5413 | D:5      | Entered Level 5 of the Dungeon
  5636 | D:5      | Found a runed translucent door.
  5637 | D:5      | Noticed Crazy Yiuf
  5760 | D:5      | Reached XP level 8. HP: 44/52 MP: 2/14
  5840 | D:5      | Reached skill level 3 in Poison Magic
  5859 | D:5      | Found a sand-covered staircase.
  5882 | Ossuary  | Entered an ossuary
  6286 | D:5      | Reached skill level 4 in Poison Magic
  6290 | D:5      | Found an iron altar of Okawaru.
  6685 | D:5      | Got a polished mace
  7032 | D:6      | Identified 2 scrolls of acquirement
  7075 | D:7      | Found a staircase to the Ecumenical Temple.
  7079 | Temple   | Entered the Ecumenical Temple
  7104 | Temple   | Became a worshipper of Kikubaaqudgha
  7133 | D:7      | Identified the +5 mace of Karma {vamp, -Tele rElec Dex+4}
                  | (You found it on level 5 of the Dungeon)
  7140 | D:7      | Reached skill level 5 in Poison Magic
  7187 | D:7      | Reached skill level 1 in Maces & Flails
  7209 | D:7      | Reached XP level 9. HP: 19/57 MP: 2/15
  7347 | D:7      | Found a flagged portal.
  7355 | Bailey   | Entered a bailey
  7393 | Bailey   | Reached skill level 6 in Poison Magic
  7416 | Bailey   | Reached * piety under Kikubaaqudgha
  7416 | Bailey   | Identified Kikubaaqudgha's Volume of Evil Secrets
                  | (Kikubaaqudgha gifted it to you in a bailey)
  7416 | Bailey   | Received a gift from Kikubaaqudgha
  7466 | Bailey   | Learned a level 3 spell: Regeneration
  7890 | Bailey   | Reached skill level 7 in Poison Magic
  8010 | Bailey   | Gained mutation: Your muscles are strong. (Str +2) [potion
                  | of mutation]
  8010 | Bailey   | Gained mutation: You expend magic power (3 MP) to
                  | strengthen your wands. [potion of mutation]
  8011 | Bailey   | Lost mutation: Your muscles are strong. (Str +2) [potion of
                  | mutation]
  8011 | Bailey   | Lost mutation: You expend magic power (3 MP) to strengthen
                  | your wands. [potion of mutation]
  8011 | Bailey   | Gained mutation: You are robust. (+10% HP) [potion of
                  | mutation]
  8011 | Bailey   | Gained mutation: You are resistant to electric shocks.
                  | (rElec) [potion of mutation]
  8039 | Bailey   | Reached ** piety under Kikubaaqudgha
  8258 | Bailey   | Reached skill level 1 in Fighting
  8784 | Bailey   | Reached skill level 1 in Armour
  8822 | Bailey   | Reached skill level 8 in Poison Magic
  8886 | Bailey   | Noticed an orc warlord
  8928 | Bailey   | Noticed an orc knight
  8929 | Bailey   | Noticed an orc knight
  9081 | Bailey   | Mangled by an orc warlord

Skill      XL: |  1  2  3  4  5  6  7  8  9 |
---------------+----------------------------+-----
Conjurations   | 1 2 3 4 5 6 |  6.0
Poison Magic   | 2 5 8 |  8.0
Fire Magic     | 2 4 |  4.0
Air Magic      | 1 3 4 |  4.1
Spellcasting   | 4 |  4.0
Maces & Flails | 1 4 |  4.0
Fighting       | 2 |  2.7
Dodging        | 2 |  2.0
Armour         | 1 |  1.7
Stealth        | |  2.4
Summonings     | |  1.0
Translocations | |  0.8

Action                   |  1- 3 |  4- 6 |  7- 9 || total
-------------------------+-------+-------+-------++-------
Melee: Dagger            |    77 |    20 |       ||    97
       Flail             |       |    25 |   138 ||   163
       Mace              |       |       |   226 ||   226
 Fire: Hunting sling     |       |    11 |       ||    11
 Cast: Magic Dart        |    57 |   131 |   133 ||   321
       Mephitic Cloud    |     1 |    15 |    66 ||    82
       Conjure Flame     |       |     3 |    26 ||    29
 Abil: Dig               |     1 |     8 |    22 ||    31
Evoke: Wand              |       |       |     7 ||     7
  Use: Potion            |       |     1 |    12 ||    13
       Scroll            |       |       |    15 ||    15
 Stab: Sleeping          |     4 |     1 |       ||     5
       Confused          |       |     3 |    23 ||    26
  Eat: Chunk             |     3 |    10 |    23 ||    36
       Ration            |       |       |     2 ||     2
Armor: Robe              |    23 |    11 |    41 ||    75
       Skin              |       |       |     8 ||     8
Dodge: Dodged            |    96 |    49 |   218 ||   363
